 Dungeon Crawl Stone Soup version 0.27-a0-1060-gcb85b5eba1 (webtiles) character file.

Game seed: 5327915333555231757

4 Ijustatesigmund the Skirmisher (level 1, -1/18 HPs)
             Began as a Demonspawn Fighter on Apr 21, 2021.
             Slain by a goblin
             ... wielding a +0 club
              (3 damage)
             ... on level 1 of the Dungeon.
             The game lasted 00:00:17 (67 turns).

Ijustatesigmund the Skirmisher (Demonspawn Fighter)   Turns: 67, Time: 00:00:18

Health: -1/18      AC:  6    Str: 16    XL:     1   Next: 50%
Magic:  1/1        EV:  6    Int:  9    God:
Gold:   0          SH:  8    Dex: 12    Spells: 0/0 levels left

rFire    . . .     SeeInvis .   a - +0 war axe
rCold    . . .     Faith    .   c - +0 kite shield
rNeg     . . .     Spirit   .   b - +0 scale mail
rPois    .         Reflect  .   (no helmet)
rElec    .         Harm     .   (no cloak)
rCorr    .         Rampage  .   (no gloves)
Will     .....                  (no boots)
Stlth    ..........             (no amulet)
HPRegen  0.06/turn              (no ring)
MPRegen  0.07/turn              (no ring)

@: mighty
A: no striking features
a: no special abilities


You were on level 1 of the Dungeon.
You visited 1 branch of the dungeon, and saw 1 of its levels.

Inventory:

Hand Weapons
 a - a +0 war axe (weapon)
Armour
 b - a +0 scale mail (worn)
 c - a +0 kite shield (worn)


   Skills:
 + Level 3.0 Fighting
 * Level 2.0 Axes
 - Level 2.6 Armour
 + Level 0.2 Dodging
 - Level 2.6 Shields


You couldn't memorise any spells.
You didn't know any spells.
Your spell library was empty.

Dungeon Overview and Level Annotations

Branches:
Dungeon (1/15)

Altars:


Message History

You are too injured to fight recklessly!
You are too injured to fight recklessly!
You are too injured to fight recklessly!
You are too injured to fight recklessly!
You are too injured to fight recklessly!
You are too injured to fight recklessly!
You are too injured to fight recklessly!
You are too injured to fight recklessly!
You are too injured to fight recklessly!
Your shield prevents you from hitting the quokka.
The quokka is heavily wounded.
You closely miss the goblin.
The quokka bites you but does no damage.
You block the goblin's attack. You block the quokka's attack.
You hit the quokka but do no damage.
The quokka is heavily wounded.
You hit the goblin but do no damage. You block the goblin's attack.
The quokka bites you but does no damage.
The goblin hits you with a +0 club.
The quokka bites you but does no damage.
You closely miss the quokka.
The quokka is heavily wounded.
You closely miss the goblin.
The quokka twitches its whiskers.
You block the quokka's attack. The goblin hits you but does no damage.
The quokka bites you but does no damage.
You block the goblin's attack.
You hit the quokka.
The quokka is severely wounded.
Your shield prevents you from hitting the goblin.
The quokka bites you.
* * * LOW HITPOINT WARNING * * *
The goblin closely misses you. You block the quokka's attack.
You feel very mighty all of a sudden. The goblin hits you but does no damage.
You block the quokka's attack.
You slash the quokka!
You kill the quokka!
Your scale mail prevents you from hitting the goblin.
You block the goblin's attack. The goblin hits you with a +0 club.
You die...

## ##.. ...
... # #.###
... #.#.#
###..###.#.#
....ggg@...#
###..###...#
...........#
###..####..#
##..####..# #
..........#.#
##..####..#.#
#..........#
##.####..#.#


You could see a hobgoblin and 2 goblins.

Vanquished Creatures
  An endoplasm (D:1)
  2 jackals (D:1)
  A quokka (D:1)
4 creatures vanquished.

Notes
Turn   | Place    | Note
-------+----------+-------------------------------------------
     0 | D:1      | Ijustatesigmund the Demonspawn Fighter began the quest for
                  | the Orb.
     0 | D:1      | Reached XP level 1. HP: 18/18 MP: 1/1
    67 | D:1      | Slain by a goblin

Illustrated notes

Levels and vault maps discovered:
D:1:      minmay_arrival_jagged, layout_basic, basic_ecumenical_altar,
          minivault_4, minmay_unequal

Skill      XL: |  1 |
---------------+----+-----
Axes           | 2 |  2.0
Fighting       | |  3.0
Armour         | |  2.6
Dodging        | |  0.2
Shields        | |  2.6

Action                   || total
-------------------------++-------
Melee: War axe           ||    14
  Use: Potion            ||     1
Armor: Scale mail        ||    12
Dodge: Dodged            ||     3
Block: Kite shield       ||    14

Table legend: (Time is in decaauts)
 A = Elapsed time spent in this place.
 B = Non-inter-level travel time spent in this place.
 C = Inter-level travel time spent in this place.
 D = Time resting spent in this place.
 E = Time spent auto-exploring this place.
 F = Levels seen in this place.
 G = Mean time per level.
                   A        B        C        D        E       F      G
               +--------+--------+--------+--------+--------+-----+--------+
         Total |     75 |     75 |      0 |      0 |     46 |   1 |   75.0 |
       Dungeon |     75 |     75 |      0 |      0 |     46 |   1 |   75.0 |
               +--------+--------+--------+--------+--------+-----+--------+

Top non-repeatable levels by time:
     D:1: 75 daAuts
